 Dungeon Crawl Stone Soup version 0.23-a0-143-g1adec7bb76 (webtiles) character file.

277505 MirrMurr the Unseen (level 20, 0/154 HPs)
             Began as an Octopode Berserker on Sept 1, 2018.
             Was a High Priest of Trog.
             Shot with an arrow by a centaur warrior (26 damage)
             ... on level 3 of the Vaults on Sept 2, 2018.
             The game lasted 01:59:38 (54285 turns).

MirrMurr the Unseen (Octopode Berserker)           Turns: 54285, Time: 01:59:38

Health: 0/154      AC:  3    Str: 16    XL:     20   Next: 40%
Magic:  6/6        EV: 27    Int: 13    God:    Trog [*****.]
Gold:   1741       SH: 28    Dex: 26    Spells: 19/19 levels left

rFire    + . .     SeeInvis +   a - +5 demon trident (antimagic)
rCold    + + .     Gourm    .   g - +7 large shield
rNeg     + . .     Faith    .   T - +2 hat
rPois    +         Spirit   .   p - +2 amulet of reflection
rElec    .         Reflect  +   f - ring of positive energy
rCorr    .         Harm     .   y - ring of protection from magic
MR       +++++                  E - +3 ring of slaying
Stlth    +++++++++.             W - ring "Lakletar" {rPois MR++ SInv}
HPRegen  1.35/turn              X - ring of protection from fire
MPRegen  0.10/turn              I - +6 ring of dexterity
                                K - ring "Kiymiguo" {rPois rC+ Int+3}
                                d - ring of protection from cold

@: very slightly contaminated, regenerating, drained
A: almost no armour, stealthy swim, amphibious, 8 rings, constrict 8, camouflage
1, gelatinous body 1
}: 2/15 runes: serpentine, barnacled
a: Berserk, Trog's Hand, Brothers in Arms, Renounce Religion


You were on level 3 of the Vaults.
You worshipped Trog.
Trog was extremely pleased with you.
You were hungry.

You visited 7 branches of the dungeon, and saw 34 of its levels.
You also visited: Ossuary.

You collected 3340 gold pieces.
You spent 1599 gold pieces at shops.

Inventory:

Hand Weapons
 a - a +5 antimagic demon trident (weapon)
 b - a +0 fustibalus
 m - a +2 demon trident of draining
 w - a +2 dagger of venom
 Z - a +3 demon trident
Missiles
 e - 1041 stones
 n - 348 sling bullets
 o - 10 throwing nets {!f}
 O - 7 javelins of returning (quivered)
Armour
 g - a +7 large shield (worn)
 T - a +2 hat (worn)
Jewellery
 d - a ring of protection from cold (on tentacle)
 f - a ring of positive energy (left tentacle)
 p - a +2 amulet of reflection (around mantle)
 y - a ring of protection from magic (right tentacle)
 E - a +3 ring of slaying (on tentacle)
 I - a +6 ring of dexterity (on tentacle)
 K - the ring "Kiymiguo" (on tentacle) {rPois rC+ Int+3}
   (You found it on level 13 of the Dungeon)

   [ring of poison resistance]

   It affects your intelligence (+3).
   It protects you from cold.
   It protects you from poison.
 S - the ring of Liulooc {*Corrode +Fly rElec rF+ Str+6}
   (You bought it in a shop on level 4 of the Dungeon)

   [ring of flight]

   It affects your strength (+6).
   It protects you from fire.
   It insulates you from electricity.
   It lets you fly.
   It may corrode you when you take damage.
 W - the ring "Lakletar" (on tentacle) {rPois MR++ SInv}
   (You found it on level 12 of the Dungeon)

   [ring of see invisible]

   It protects you from poison.
   It affects your resistance to hostile enchantments.
   It lets you see invisible.
 X - a ring of protection from fire (on tentacle)
Wands
 G - a wand of acid (56)
 P - a wand of digging (10)
 Q - a wand of iceblast (15)
 Y - a wand of paralysis (59)
Scrolls
 j - 4 scrolls of immolation
 r - 21 scrolls of remove curse
 s - 2 scrolls of fear
 t - 2 scrolls of identify
 x - 2 scrolls of blinking
 z - 15 scrolls of teleportation
 B - 7 scrolls of magic mapping
 C - a scroll of summoning
 L - 10 scrolls of fog
 U - 2 scrolls of silence
Potions
 h - 21 potions of curing
 k - 5 potions of invisibility
 l - 5 potions of agility
 q - 6 potions of might
 v - 6 potions of heal wounds
 A - 3 potions of resistance
 D - 6 potions of flight
 H - 2 potions of ambrosia
 J - 3 potions of lignification
 N - 3 potions of mutation
 V - 5 potions of haste
Comestibles
 c - 41 rations
 i - 5 chunks of flesh


   Skills:
 * Level 18.3(18.0) Fighting
 - Level 14.0(13.7) Polearms
 + Level 11.9(11.7) Slings
 + Level 15.1(14.8) Dodging
 + Level 19.7(19.4) Stealth
 * Level 13.8(13.5) Shields


You had 19 spell levels left.
You didn't know any spells.
Your spell library was empty.

Dungeon Overview and Level Annotations

Branches:
Dungeon (15/15)            Temple (1/1) D:6            Lair (5/6) D:11
 Shoals (4/4) Lair:3        Snake (4/4) Lair:4        Slime (0/5) Lair:5
    Orc (2/2) D:11            Elf (0/3) Orc:2        Vaults (3/5) D:13
 Depths (0/5) D:15
  Crypt: Vaults:2-3

Altars:
Ashenzari
Cheibriados
Dithmenos
Elyvilon
Fedhas
Gozag
Kikubaaqudgha
Makhleb
Nemelex Xobeh
Okawaru
Ru
Sif Muna
Trog
Vehumet
Wu Jian
Xom
Yredelemnul
Beogh
Jiyva

Shops:
D:4 (**?((   Orc:2 :(*[   Snake:1 [   Snake:4 *   Vaults:3 [[

Annotations:
D:3 2 transporters
D:14 2 exclusions
Lair:2 exclusion: oklob plant
Lair:3 exclusion: 2 oklob plants
Lair:4 3 runed doors rC, wont's ghost, journeyman DgFE
Lair:5 exclusion: oklob plant


Innate Abilities, Weirdness & Mutations

You cannot wear most types of armour.
You are very stealthy in the water. (Stealth+)
You are amphibious.
You can wear up to eight rings at the same time.
You can use your tentacles to constrict eight enemies at once.
Your skin changes colour to match your surroundings (Stealth+).
Your rubbery body absorbs attacks. (AC +1, EV +1)


Message History

The tengu reaver conjures a globe of magical energy!
You block the phantasmal warrior's attack.
The orc warrior hits you with a long sword of draining!!
* * * LOW HITPOINT WARNING * * *
You partially resist.
You feel drained.
* * * LOW HITPOINT WARNING * * *
A battlesphere comes into view.
Blink to where?
Press: ? - help, Dir - move target cursor You lose your grip on something.
You are very lightly contaminated with residual magic.
As you read the scroll of blinking, it crumbles to dust.
The centaur warrior wields an uncursed longbow of flaming.
It bursts into flame!
The centaur warrior shoots an arrow.
You reflect the arrow off an invisible shield around you!
The arrow barely misses the centaur warrior.
The arrow hits the tengu reaver!
The arrow burns the tengu reaver.
There are monsters nearby!
The centaur warrior shoots an arrow.
The arrow hits you!!
You die...

###########+#####################
.................................
.................................
.................................
........h........................
......pc.O.......................
.....hc.Wc.......................
.....pooCQ*.....@................
##'################'###+#''######
.... #..........# #. .....
#..........# #. .∩Lp.#
#..........# #.


.CQWo# #..........# #. hooo.# #..........# #. ...h.# #..........# #.
############ #. You could see a tengu reaver, a centaur warrior, a two-headed
ogre and a battlesphere.

Vanquished Creatures
  Nikola (Vaults:2)
  A lich (Vaults:3)
  Rupert (D:13)
  3 krakens (Shoals:4)
  Frances (D:13)
  Kirke (D:13)
  7 nagarajas (Snake:4)
  An orc warlord (Orc:2)
  6 vault wardens
  6 ironheart preservers
  2 stone giants (Vaults:2)
  A deep elf annihilator (Vaults:1)
  A deep elf demonologist (Vaults:1)
  3 merfolk javelineers
  Snorg (D:13)
  3 deep elf death magi (Vaults:1)
  5 merfolk impalers
  2 ettins
  A fire dragon (Vaults:2)
  Josephine (Lair:5)
  2 great orbs of eyes (Vaults:1)
  4 ice dragons
  A catoblepas (Shoals:2)
  4 rakshasas
  An alligator snapping turtle (Shoals:4)
  2 hydras
  18 naga warriors
  7 centaur warriors
  3 merfolk avatars
  5 anacondas
  4 merfolk aquamancers
  5 death knights
  3 death yaks (Shoals:3)
  A tengu warrior (D:12)
  25 two-headed ogres
  5 ogre magi
  4 orc high priests (Orc:2)
  2 shock serpents
  6 naga sharpshooters
  A shock serpent (shapeshifter) (D:15)
  A storm dragon zombie (Vaults:2)
  2 deep elf knights
  7 skeletal warriors
  A salamander mystic (Snake:3)
  10 sea snakes
  A shadow wraith (Vaults:1)
  2 unseen horrors (Vaults:1)
  A lindwurm (Lair:5)
  A deep troll (Vaults:2)
  A glowing orange brain (Vaults:1)
  7 naga ritualists
  A small abomination (Vaults:1)
  A harpy (shapeshifter) (D:12)
  A wizard (Vaults:2)
  2 deep elf archers
  10 ironbrand convokers
  12 orc knights
  A wolf spider zombie (D:14)
  A necromancer (Vaults:2)
  A sphinx zombie (Vaults:3)
  4 orc sorcerers (Orc:2)
  10 mana vipers
  4 wolf spiders
  17 ugly things
  12 harpies
  6 deep elf magi
  13 manticores
  4 fauns
  5 cyclopes
  7 salamanders
  6 merfolk sirens
  Maurice (D:13)
  3 guardian serpents
  6 vault sentinels
  22 naga magi
  34 black mambas
  A gargoyle (D:15)
  10 spiny frogs
  7 water nymphs
  2 ice devils (D:11)
  7 komodo dragons
  11 yaktaurs
  5 freezing wraiths
  3 rime drakes
  A rime drake (shapeshifter) (Vaults:1)
  4 guardian mummies (D:13)
  A queen bee (Lair:5)
  A tengu conjurer (D:15)
  A kobold demonologist (D:13)
  8 trolls
  2 meliai (Lair:5)
  4 wind drakes
  A yaktaur skeleton (Vaults:2)
  20 merfolk
  Grinder (D:6)
  A troll (shapeshifter) (D:15)
  4 hornets
  3 snapping turtles
  7 dream sheep
  14 slime creatures
  6 blink frogs (Lair:5)
  6 hippogriffs
  8 redbacks (Snake:4)
  6 water elementals
  7 wraiths
  A vampire (D:14)
  An ettin skeleton (Vaults:2)
  3 shadows
  3 wyverns
  2 hogs (shapeshifter)
  2 hogs (D:13)
  A golden eye (shapeshifter) (Vaults:3)
  36 yaks
  16 humans (D:13)
  2 basilisks
  2 steam dragons (Lair:5)
  A hungry ghost (D:9)
  A vampire mosquito (D:13)
  Edmund (D:6)
  61 nagas
  An acid dragon (Vaults:2)
  9 wargs
  19 water moccasins
  Duvessa (D:7)
  7 porcupines
  5 ice beasts
  2 sky beasts
  An ettin simulacrum (Vaults:2)
  47 orc warriors
  3 phantoms
  3 eyes of draining
  2 black bears
  An eye of draining (shapeshifter) (Vaults:1)
  4 necrophages
  10 centaurs
  3 boggarts (D:15)
  26 ogres
  7 wolves
  A centaur (shapeshifter) (D:12)
  10 crocodiles
  5 big kobolds
  19 bullfrogs
  A gnoll sergeant (D:10)
  A human skeleton (Vaults:2)
  4 scorpions
  Dowan (D:7)
  59 killer bees
  2 electric eels (Lair:1)
  4 wights
  A howler monkey (D:12)
  3 bullfrog zombies
  5 centaur zombies
  8 crimson imps
  6 centaur skeletons
  8 hounds
  4 jellies
  32 orc priests
  2 bullfrog skeletons (D:9)
  30 orc wizards
  Terence (D:3)
  4 iguanas
  11 worker ants
  A hound skeleton (D:6)
  12 mummies
  4 worker ant zombies
  22 adders
  7 gnolls
  4 shadow imps
  2 oozes (D:2)
  An adder skeleton (D:6)
  2 adder zombies (D:9)
  2 worms (D:2)
  A dart slug (D:3)
  6 leopard geckos
  108 orcs
  9 bats
  4 giant cockroaches
  A gnoll zombie (Ossuary)
  7 goblins
  5 hobgoblins
  3 jackals (D:1)
  4 quokkas
  2 ball pythons
  3 frilled lizards
  4 hobgoblin zombies (Ossuary)
  A jackal skeleton (D:9)
  14 kobolds
  2 kobold zombies (Ossuary)
  An orc zombie (Ossuary)
  5 rats
  7 tentacles
1271 creatures vanquished.

Vanquished Creatures (collateral kills)
  Ilsuiw (Shoals:3)
  2 merfolk javelineers (Shoals:4)
  A merfolk impaler (Shoals:4)
  A hydra (D:12)
  A centaur warrior (Vaults:2)
  2 merfolk aquamancers (Shoals:4)
  A deep elf knight (Vaults:2)
  A flayed ghost (Vaults:2)
  A necromancer (Vaults:2)
  A vault sentinel (Vaults:2)
  A yaktaur (Vaults:2)
  A slime creature (D:12)
14 creatures vanquished.

Vanquished Creatures (others)
  Polyphemus (Shoals:3)
  2 yaktaur captains (Vaults:2)
  2 centaur warriors (Vaults:1)
  2 satyrs
  An ogre mage (Vaults:1)
  2 naga sharpshooters
  3 cyclopes
  A faun (Shoals:3)
  A manticore (Shoals:2)
  A vault sentinel (Vaults:3)
  A naga mage (Snake:3)
  A yaktaur (Vaults:2)
  A necrophage (D:13)
  A boggart (D:15)
  A centaur (Vaults:2)
  An orc (Orc:2)
  5 fungi
  6 plants
  22 tentacles
55 creatures vanquished.

Grand Total: 1340 creatures vanquished

Notes
Turn   | Place    | Note
-------+----------+-------------------------------------------
     0 | D:1      | MirrMurr the Octopode Berserker began the quest for the
                  | Orb.
     0 | D:1      | Reached XP level 1. HP: 16/16 MP: 1/1
   198 | D:1      | Reached XP level 2. HP: 19/21 MP: 2/2
   232 | D:1      | Reached skill level 1 in Stealth
   623 | D:2      | Reached XP level 3. HP: 24/26 MP: 3/3
   699 | D:2      | Reached ** piety under Trog
  1002 | D:2      | Reached skill level 2 in Stealth
  1002 | D:2      | Reached XP level 4. HP: 21/31 MP: 4/4
  1463 | D:3      | Reached XP level 5. HP: 32/36 MP: 5/5
  1793 | D:3      | Noticed Terence
  1799 | D:3      | Killed Terence
  1962 | D:3      | Found a transporter.
  1976 | D:3      | Found a transporter.
  2001 | D:3      | Reached *** piety under Trog
  2001 | D:3      | Reached skill level 3 in Stealth
  2257 | D:3      | Found a snail-covered altar of Cheibriados.
  2280 | D:4      | Noticed an ogre
  2293 | D:4      | Killed an ogre
  2293 | D:4      | Reached XP level 6. HP: 33/43 MP: 6/6
  2303 | D:4      | Found Dilolioch's Elemental Accessories.
  2306 | D:3      | Found a radiant altar of Vehumet.
  2492 | D:4      | Found Hodege's Antique Weapon Emporium.
  2520 | D:4      | Found Miczyboe's General Store.
  2644 | D:4      | Found Suadghykly's Weapon Shop.
  2666 | D:4      | Found Kairr's Magic Scroll Emporium.
  2686 | D:4      | Found Ameimimm's Weapon Shoppe.
  2690 | D:4      | Reached skill level 1 in Shields
  2694 | D:4      | Bought a +1 trident of flaming for 172 gold pieces
  2766 | D:4      | Reached skill level 5 in Polearms
  2942 | D:5      | Entered Level 5 of the Dungeon
  2985 | D:5      | Noticed a sky beast
  2988 | D:5      | Killed a sky beast
  2988 | D:5      | Reached XP level 7. HP: 48/48 MP: 7/7
  3023 | D:5      | Reached skill level 4 in Stealth
  3778 | D:6      | Noticed Edmund
  3785 | D:6      | Reached XP level 8. HP: 33/54 MP: 8/8
  3791 | D:6      | Killed Edmund
  3791 | D:6      | Reached skill level 5 in Stealth
  4024 | D:6      | Found a burning altar of Makhleb.
  4063 | D:6      | Reached skill level 5 in Dodging
  4128 | D:6      | Reached skill level 5 in Fighting
  4134 | D:6      | Noticed Grinder
  4148 | D:6      | Killed Grinder
  4148 | D:6      | Reached skill level 6 in Stealth
  4195 | D:6      | Found a staircase to the Ecumenical Temple.
  4202 | Temple   | Entered the Ecumenical Temple
  4711 | D:7      | Reached XP level 9. HP: 46/60 MP: 9/9
  5091 | D:7      | Noticed Dowan
  5094 | D:7      | Noticed Duvessa
  5208 | D:7      | Found a sand-covered staircase.
  5214 | Ossuary  | Entered an ossuary
  5306 | Ossuary  | Reached **** piety under Trog
  5696 | D:7      | Reached skill level 7 in Stealth
  5751 | D:7      | Killed Dowan
  6078 | D:7      | Killed Duvessa
  6484 | D:8      | Found a shadowy altar of Dithmenos.
  6889 | D:9      | Noticed a two-headed ogre
  6896 | D:9      | Killed a two-headed ogre
  6896 | D:9      | Reached skill level 8 in Stealth
  7076 | D:9      | Reached XP level 10. HP: 68/68 MP: 10/10
  7366 | D:9      | Found an iron altar of Okawaru.
  7373 | D:9      | Found a white marble altar of Elyvilon.
  7374 | D:9      | Found an ancient bone altar of Kikubaaqudgha.
  7375 | D:9      | Found a sacrificial altar of Ru.
  7375 | D:9      | Found a shimmering altar of Xom.
  7375 | D:9      | Found a shadowy altar of Dithmenos.
  7375 | D:9      | Found a bloodstained altar of Trog.
  7376 | D:9      | Found an ornate altar of the Wu Jian Council.
  7447 | D:9      | Found a deep blue altar of Sif Muna.
  7449 | D:9      | Found an opulent altar of Gozag.
  7528 | D:9      | Reached skill level 9 in Stealth
  7547 | D:9      | Received a gift from Trog
  7728 | D:9      | Noticed a two-headed ogre
  7735 | D:9      | Killed a two-headed ogre
  7735 | D:9      | Reached skill level 10 in Polearms
  7841 | D:10     | Entered Level 10 of the Dungeon
  7986 | D:10     | Noticed a two-headed ogre
  7999 | D:10     | Killed a two-headed ogre
  7999 | D:10     | Reached skill level 10 in Stealth
  7999 | D:10     | Reached XP level 11. HP: 76/76 MP: 11/11
  8598 | D:10     | Reached ***** piety under Trog
  9321 | D:11     | Found a staircase to the Orcish Mines.
  9366 | D:11     | Noticed a two-headed ogre
  9391 | D:11     | Killed a two-headed ogre
  9552 | D:11     | Found a frozen archway.
  9559 | D:11     | Reached skill level 11 in Stealth
 10030 | D:11     | Reached XP level 12. HP: 68/83 MP: 12/12
 10058 | D:11     | Found a staircase to the Lair.
 10380 | Lair:1   | Entered Level 1 of the Lair of Beasts
 10875 | Lair:1   | Reached XP level 13. HP: 38/89 MP: 13/13
 11464 | Lair:2   | Reached skill level 12 in Stealth
 12501 | Lair:2   | Reached skill level 10 in Dodging
 12555 | Lair:2   | Reached skill level 10 in Fighting
 12646 | Lair:2   | Reached skill level 13 in Stealth
 13452 | Lair:3   | Found a staircase to the Shoals.
 13866 | Lair:4   | Received a gift from Trog
 14234 | Lair:4   | Reached skill level 1 in Slings
 14285 | Lair:4   | Found a runed gate.
 14286 | Lair:4   | Found a runed gate.
 14303 | Lair:4   | Found a staircase to the Snake Pit.
 14493 | Lair:4   | Found a runed gate.
 14498 | Lair:4   | Noticed wont's ghost (journeyman DgFE)
 15241 | Lair:5   | Noticed Josephine
 15252 | Lair:5   | Killed Josephine
 15421 | Lair:5   | Found an ornate altar of the Wu Jian Council.
 15429 | Lair:5   | Found a viscous altar of Jiyva.
 15429 | Lair:5   | Found a staircase to the Slime Pits.
 15759 | Lair:5   | Reached XP level 14. HP: 64/100 MP: 14/14
 15954 | Lair:5   | Reached skill level 14 in Stealth
 16485 | Lair:5   | Received a gift from Trog
 17946 | D:12     | Got a flickering tin ring
 17957 | D:12     | Identified the ring "Lakletar" {rPois MR++ SInv} (You found
                  | it on level 12 of the Dungeon)
 18552 | D:13     | Found a gate to the Vaults.
 18552 | D:13     | Noticed Rupert
 18637 | D:13     | Noticed Maurice
 18651 | D:13     | Killed Maurice
 18721 | D:13     | Reached skill level 5 in Slings
 18837 | D:13     | Noticed Frances
 18856 | D:13     | Killed Frances
 19260 | D:13     | Received a gift from Trog
 19263 | D:13     | Reached skill level 15 in Stealth
 19514 | D:13     | Noticed a reaper
 19514 | D:13     | Noticed a reaper
 19514 | D:13     | Noticed a reaper
 19514 | D:13     | Noticed a reaper
 19514 | D:13     | Noticed a reaper
 19620 | D:13     | Killed Rupert
 19622 | D:13     | Reached XP level 15. HP: 13/109 MP: 15/15
 19985 | D:13     | Got a transparent ivory ring
 20003 | D:13     | Noticed Snorg
 20017 | D:13     | Killed Snorg
 20201 | D:13     | Noticed Kirke
 20216 | D:13     | Killed Kirke
 20227 | D:13     | Identified the ring "Kiymiguo" {rPois rC+ Int+3} (You found
                  | it on level 13 of the Dungeon)
 22096 | D:14     | Received a gift from Trog
 22658 | D:14     | Reached skill level 16 in Stealth
 23342 | D:15     | Entered Level 15 of the Dungeon
 23953 | D:15     | Found a shattered altar of Ashenzari.
 24466 | D:15     | Found a blossoming altar of Fedhas.
 24617 | D:15     | Reached skill level 5 in Shields
 24949 | D:15     | Found a staircase to the Depths.
 25109 | Orc:1    | Entered Level 1 of the Orcish Mines
 25430 | Orc:2    | Entered Level 2 of the Orcish Mines
 25436 | Orc:2    | Received a gift from Trog
 25777 | Orc:2    | Reached XP level 16. HP: 120/120 MP: 16/16
 26211 | Orc:2    | Received a gift from Trog
 26586 | Orc:2    | Found a staircase to the Elven Halls.
 26916 | Orc:1    | Found a roughly hewn altar of Beogh.
 27178 | Orc:2    | Found Cigas's General Store.
 27189 | Orc:2    | Found Tauhuasu's Antique Armour Boutique.
 27470 | Orc:2    | Found a roughly hewn altar of Beogh.
 27991 | Orc:2    | Found Vyuh's Book Shop.
 28038 | Orc:2    | Found a roughly hewn altar of Beogh.
 28672 | Orc:2    | Found Anaymits's Antique Weapon Shoppe.
 28864 | Orc:2    | Bought a scroll of teleportation for 48 gold pieces
 28864 | Orc:2    | Bought a scroll of enchant weapon for 120 gold pieces
 28864 | Orc:2    | Bought a scroll of identify for 32 gold pieces
 28864 | Orc:2    | Bought a potion of curing for 48 gold pieces
 29071 | D:4      | Bought a wand of acid (7) for 264 gold pieces
 29071 | D:4      | Bought a potion of curing for 36 gold pieces
 29071 | D:4      | Bought a scroll of enchant weapon for 90 gold pieces
 29071 | D:4      | Bought the ring of Liulooc {*Corrode +Fly rElec rF+ Str+6}
                  | for 546 gold pieces
 29319 | Snake:1  | Entered Level 1 of the Snake Pit
 29375 | Snake:1  | Received a gift from Trog
 29716 | Snake:1  | Found Pametwel's Armour Shoppe.
 30808 | Snake:2  | Reached skill level 15 in Fighting
 31826 | Snake:3  | Reached skill level 17 in Stealth
 32637 | Snake:3  | Received a gift from Trog
 32774 | Snake:3  | Reached XP level 17. HP: 117/127 MP: 17/17
 33683 | Snake:4  | Entered Level 4 of the Snake Pit
 33962 | Snake:3  | HP: 5/190 [naga warrior/hand axe (6)]
 33969 | Snake:3  | HP: 4/127 [poisoned by a naga sharpshooter (splash of
                  | poison)]
 34889 | Snake:4  | Received a gift from Trog
 36081 | Snake:4  | Received a gift from Trog
 36473 | Snake:4  | Received a gift from Trog
 37816 | Snake:4  | Reached skill level 10 in Shields
 39381 | Snake:4  | Found a basalt altar of Yredelemnul.
 39396 | Snake:4  | Found Kimicwu's Assorted Antiques.
 39404 | Snake:4  | Bought a potion of might for 108 gold pieces
 39404 | Snake:4  | Bought a potion of curing for 81 gold pieces
 39404 | Snake:4  | Bought a scroll of fog for 54 gold pieces
 39465 | Snake:4  | Reached skill level 18 in Stealth
 39465 | Snake:4  | Reached XP level 18. HP: 88/135 MP: 6/18
 40019 | Snake:4  | Got a serpentine rune of Zot
 40322 | Shoals:1 | Entered Level 1 of the Shoals
 40341 | Lair:3   | Reached skill level 10 in Slings
 41781 | Shoals:1 | You fall through a shaft!
 42266 | Shoals:2 | Received a gift from Trog
 42480 | Shoals:2 | Received a gift from Trog
 43298 | Shoals:3 | Noticed Polyphemus
 43317 | Shoals:3 | Killed Polyphemus
 43928 | Shoals:3 | Noticed Ilsuiw
 44033 | Shoals:3 | Killed Ilsuiw
 46273 | Shoals:4 | Entered Level 4 of the Shoals
 46460 | Shoals:4 | Received a gift from Trog
 48918 | Shoals:4 | Received a gift from Trog
 49182 | Shoals:4 | Reached XP level 19. HP: 144/144 MP: 6/19
 49200 | Shoals:4 | Got a barnacled rune of Zot
 49686 | Vaults:1 | Entered Level 1 of the Vaults
 50325 | Vaults:1 | Reached skill level 19 in Stealth
 50942 | Vaults:1 | Received a gift from Trog
 51354 | Vaults:2 | Found a sparkling altar of Nemelex Xobeh.
 51409 | Vaults:2 | Received a gift from Trog
 51420 | Vaults:2 | Noticed Nikola
 51457 | Vaults:2 | Killed Nikola
 51475 | Vaults:2 | Received a gift from Trog
 51940 | Vaults:2 | Received a gift from Trog
 52025 | Vaults:2 | Reached XP level 20. HP: 139/153 MP: 13/20
 52591 | Vaults:2 | Received a gift from Trog
 52604 | Vaults:2 | Reached skill level 15 in Dodging
 52674 | Vaults:2 | Got a wavering brass amulet
 52934 | Vaults:2 | Identified the amulet of Xom's Capriciousness {RegenMP rF-
                  | rN++ Int+4} (You took it off a deep elf mage on level 2 of
                  | the Vaults)
 54074 | Vaults:3 | Found Asiong's Antique Armour Boutique.
 54248 | Vaults:3 | Found Zoenaapn's Armour Shoppe.
 54248 | Vaults:3 | Noticed a lich
 54282 | Vaults:3 | Killed a lich
 54285 | Vaults:3 | Shot with an arrow by a centaur warrior

Vault maps used:
D:1:      tarquinn_simple_flora_water_f, minmay_cupped
D:2:      grunt_ministairs_2
D:3:      gammafunk_steamed_eel, nicolae_overflow_hidden_temple, uniq_terence
D:4:      first_ration, serial_shops, shop, shop, shop_fountains,
          nicolae_shop_behind_doors, nicolae_shop_trees, minmay_hedge_maze,
          nicolae_elemental_shop
D:6:      makhleb_blood_cavern_becter, minmay_temple_entry_statues_pillars,
          uniq_grinder, uniq_edmund
D:7:      nicolae_ossuary_entry_plus, kennysheep_decorative_pillar, uniq_duvessa
D:8:      nicolae_dithmenos_through_a_glass_darkly
D:9:      minitemple, kennysheep_generic_room_14
D:11:     david_lair_shrubbed, minmay_orc_entry_guard_dogs,
          portal_ice_cave_demonic_guard
D:12:     minmay_the_grid_octo_2x2, grunt_tengu_nest
D:13:     minmay_imperfect_grid, david_vaults_3, minmay_guarded_unrand_curses,
          uniq_kirke, uniq_snorg, uniq_maurice, uniq_frances
D:14:     cheibrodos_tormentor_scu
D:15:     gammafunk_enter_depths_forms, lemuel_tele_altar, ashenzari_altar_1
Temple:   chequers_temple_sunken
Lair:1:   serial_bayou_ford_a, grunt_megastairs_4
Lair:2:   minmay_lair_oklob_bushes
Lair:3:   elwin_shoals_entry_rocks, minmay_lair_oklob_chamber
Lair:4:   minmay_snake_entry_six_corridors, gammafunk_ghost_necromancy
Lair:5:   regret_index_bee_streams, slime_altar_1, basic_altar,
          grunt_megastairs_2, uniq_josephine
Shoals:1: ebering_ghost_disaster_area
Shoals:3: uniq_ilsuiw, uniq_polyphemus
Shoals:4: shoals_end_simple
Snake:1:  serial_shops, shop_coins
Snake:3:  guppyfry_library_mini
Snake:4:  minmay_snake_end_coiled, serial_shops,
          nicolae_shop_overgrown_old_shop, basic_altar, spider_trap,
          st_stairs_11
Orc:1:    basic_altar
Orc:2:    pubby_orc_utopia
Vaults:1: hangedman_vaults_nails, vaults_room_glass_cross, v_rooms_2,
          hangedman_vaults_locks, ontoclasm_vaults_idyll, vaults_dpeg_diagonal,
          nicolae_vaults_network_s, v_misc_2, vaults_room_ringed_pool,
          v_misc_31, v_misc_17
Vaults:2: nicolae_vaults_network_periphery, vaults_room_boxed, v_misc_23,
          v_misc_11, v_pattern_2, grunt_vaults_focal,
          nicolae_vaults_network_quinsquares, grunt_vaults_bifocal,
          vaults_room_fancy_cross, st_quartered_hall, vaults_room_pools,
          vaults_dpeg_spiral, vaults_room_pool, hangedman_vaults_trim,
          basic_altar, uniq_nikola
Vaults:3: vaults_mumra_chevron_long, ontoclasm_vaults_hangar,
          minmay_crypt_entry_simple_sparse, v_rooms_4, v_misc_13,
          dpeg_vaults_monster_box, nicolae_vaults_network_square, v_rooms_4,
          vaults_mumra_hex, ontoclasm_vaults_shuriken, vaults_mumra_lcd,
          vaults_room_pools, serial_shops,
          nicolae_shop_temple_entry_statues_fountains
Ossuary:  ossuary_tomb_3

Skill      XL: |  1  2  3  4  5  6  7  8  9 10 11 12 13 14 15 16 17 18 19 20 |
---------------+-------------------------------------------------------------+-----
Stealth        | 1 2 3 4 6 8 10 11 13 15 16 17 18 19 | 19.7
Polearms       | 4 5 6 7 8 10 13 14 | 14.0
Fighting       | 4 5 6 7 8 9 11 13 14 15 16 17 18 | 18.3
Dodging        | 4 5 6 7 8 9 10 11 12 13 14 15 | 15.1
Shields        | 1 2 3 4 5 8 10 12 13 | 13.8
Slings         | 3 5 7 8 9 10 11 | 11.9

Action                   |  1- 3 |  4- 6 |  7- 9 | 10-12 | 13-15 | 16-18 | 19-21 || total
-------------------------+-------+-------+-------+-------+-------+-------+-------++-------
Melee: Spear             |    84 |    91 |       |       |       |       |       ||   175
       Constrict         |    18 |    21 |    37 |    52 |   142 |   151 |    77 ||   498
       Tentacles         |     7 |    21 |    40 |    77 |   355 |   422 |   277 ||  1199
       Trident           |       |     8 |   212 |   322 |       |       |       ||   542
       Demon trident     |       |       |       |    56 |  1296 |  1830 |   761 ||  3943
       Fustibalus        |       |       |       |       |       |     4 |       ||     4
 Fire: Hunting sling     |       |       |       |       |   313 |     5 |       ||   318
       Fustibalus        |       |       |       |       |       |   245 |   157 ||   402
Throw: Stone             |       |       |     5 |       |       |       |       ||     5
       Javelin           |       |       |     1 |       |       |       |       ||     1
Invok: Berserk           |       |     2 |     4 |     6 |    15 |    26 |       ||    53
       Trog's Hand       |       |       |     1 |     6 |    11 |     8 |     7 ||    33
       Brothers in Arms  |       |       |       |       |     1 |     2 |     2 ||     5
  Use: Scroll            |     4 |     6 |     9 |     5 |    14 |    18 |     4 ||    60
       Potion            |       |       |       |     1 |     3 |     1 |     2 ||     7
 Stab: Sleeping          |     5 |     9 |    20 |    27 |    49 |    47 |    18 ||   175
       Distracted        |       |     2 |       |     4 |     9 |    19 |     4 ||    38
  Eat: Chunk             |       |     8 |    17 |    16 |    49 |    46 |    17 ||   153
       Ration            |       |       |       |     1 |     5 |    16 |     1 ||    23
Armor: Skin              |     2 |     4 |       |     1 |    19 |    21 |     4 ||    51
Dodge: Dodged            |    34 |    26 |    51 |   192 |   462 |   595 |   155 ||  1515
Block: Buckler           |       |     4 |    26 |   119 |   237 |       |       ||   386
       Reflection        |       |       |     1 |     1 |    17 |   176 |    62 ||   257
       Large shield      |       |       |       |       |   137 |  1418 |   567 ||  2122

Table legend:
 A = Non-vault XP
 B = Vault XP
 C = Vault XP percentage of total XP
 D = Non-vault monster count
 E = Vault monster count
 F = Vault count percentage of total count
                 A         B        C        D         E       F
            +---------+---------+-------+---------+---------+-------
      Total |  229649 |  194014 |  45.8 |     766 |     532 |  41.0
            +---------+---------+-------+---------+---------+-------
        D:1 |      22 |       3 |  12.0 |      13 |       2 |  13.3
        D:2 |      65 |       4 |   5.8 |      20 |       2 |   9.1
        D:3 |     126 |      38 |  23.2 |      25 |       1 |   3.8
        D:4 |     246 |       0 |   0.0 |       6 |       0 |   0.0
        D:5 |     214 |       0 |   0.0 |       7 |       0 |   0.0
        D:6 |     922 |     593 |  39.1 |      18 |       4 |  18.2
        D:7 |     979 |     212 |  17.8 |      25 |       2 |   7.4
        D:8 |     121 |       0 |   0.0 |       1 |       0 |   0.0
        D:9 |    3525 |     902 |  20.4 |      36 |       2 |   5.3
       D:10 |    4372 |       0 |   0.0 |      44 |       0 |   0.0
       D:11 |    2678 |    1566 |  36.9 |      30 |       6 |  16.7
       D:12 |    3088 |    5662 |  64.7 |      16 |      25 |  61.0
       D:13 |    2087 |   22608 |  91.5 |       6 |      59 |  90.8
       D:14 |   11853 |    5358 |  31.1 |      40 |       7 |  14.9
       D:15 |    6921 |    5380 |  43.7 |      14 |      12 |  46.2
     Lair:1 |    3533 |       0 |   0.0 |      13 |       0 |   0.0
     Lair:2 |    9229 |       0 |   0.0 |      43 |       0 |   0.0
     Lair:3 |    3671 |     368 |   9.1 |      12 |       2 |  14.3
     Lair:4 |    1982 |    1415 |  41.7 |      12 |      14 |  53.8
     Lair:5 |    4122 |   10635 |  72.1 |      16 |      59 |  78.7
   Shoals:1 |    3726 |       0 |   0.0 |       6 |       0 |   0.0
   Shoals:2 |    9227 |     966 |   9.5 |      19 |       1 |   5.0
   Shoals:3 |   13261 |    8202 |  38.2 |      29 |       8 |  21.6
   Shoals:4 |   18756 |   18896 |  50.2 |      27 |      29 |  51.8
    Snake:1 |    7870 |       0 |   0.0 |      18 |       0 |   0.0
    Snake:2 |   12051 |       0 |   0.0 |      28 |       0 |   0.0
    Snake:3 |   21220 |    4251 |  16.7 |      48 |       9 |  15.8
    Snake:4 |   21925 |   28712 |  56.7 |      39 |      50 |  56.2
      Orc:1 |    1446 |       0 |   0.0 |      38 |       0 |   0.0
      Orc:2 |       0 |   23589 | 100.0 |       0 |     149 | 100.0
   Vaults:1 |   15569 |   25631 |  62.2 |      30 |      39 |  56.5
   Vaults:2 |   36960 |   24915 |  40.3 |      75 |      31 |  29.2
   Vaults:3 |    7882 |    3946 |  33.4 |      12 |       3 |  20.0
    Ossuary |       0 |     162 | 100.0 |       0 |      16 | 100.0
            +---------+---------+-------+---------+---------+-------
